 Dungeon Crawl Stone Soup version 0.17-a0-968-gf8e1f1d (webtiles) character file.

144 laxity the Firebug (level 5, -2/28 HPs)
             Began as a Deep Elf Fire Elementalist on May 9, 2015.
             Was an Initiate of Vehumet.
             Killed by nerve-wracking pain
             ... invoked by an orc priest
              (8 damage)
             ... on level 4 of the Dungeon.
             The game lasted 00:05:23 (2597 turns).

laxity the Firebug (Deep Elf Fire Elementalist)     Turns: 2597, Time: 00:05:23

Health: -2/28      AC:  7    Str:  5    XL:     5   Next: 5%
Magic:  5/13       EV: 13    Int: 21    God:    Vehumet [......]
Gold:   79         SH:  0    Dex: 15    Spells: 2 memorised, 9 levels left

rFire  . . .     SeeInvis .     i - -2 dagger
rCold  . . .     Clarity  .     a - +0 robe
rNeg   . . .     SustAb   .     (no shield)
rPois  .         Gourm    .     m - +1 helmet
rElec  .         Spirit   .     (no cloak)
rCorr  .         Warding  .     p - +2 pair of gloves
rMut   .         Stasis   .     (no boots)
MR     .....                    (no amulet)
Stlth  ++........               (no ring)
                                (no ring)

@: not resistant to hostile enchantments, unstealthy
A: no striking features
a: Renounce Religion


You were on level 4 of the Dungeon.
You worshipped Vehumet.
Vehumet was noncommittal.
You were not hungry.

You visited 1 branch of the dungeon, and saw 4 of its levels.

You collected 79 gold pieces.

Inventory:

Hand weapons
 i - a -2 dagger (weapon)
Armour
 a - a +0 robe (worn)
 m - a +1 helmet (worn)
 p - a +2 pair of gloves (worn)
Scrolls
 d - a scroll of identify
 f - a scroll of enchant armour
 k - 2 scrolls of remove curse
Potions
 e - a potion of flight {unknown}
 g - a potion of curing {unknown}
 l - a potion of cure mutation {unknown}
 o - a potion of brilliance
 q - 2 potions of heal wounds {unknown}
 r - a potion of might {unknown}
Books
 b - a book of Flames

   Spells                             Type                      Level
   a - Flame Tongue                   Conjuration/Fire             1
   b - Throw Flame                    Conjuration/Fire             2
   c - Conjure Flame                  Conjuration/Fire             3
   d - Inner Flame                    Hexes/Fire                   3
   e - Sticky Flame                   Conjuration/Fire             4
   f - Fireball                       Conjuration/Fire             5
 j - a book of Death

   Spells                             Type                      Level
   a - Corpse Rot                     Necromancy                   2
   b - Sublimation of Blood           Necromancy                   2
   c - Agony                          Necromancy                   5
   d - Dispel Undead                  Necromancy                   5
   e - Excruciating Wounds            Charms/Necromancy            5
   f - Bolt of Draining               Conjuration/Necromancy       5
Comestibles
 c - 3 bread rations
 h - a royal jelly
 n - 3 meat rations


   Skills:
 - Level 1.0 Short Blades
 - Level 2.4 Dodging
 - Level 2.4 Stealth
 + Level 4.4 Spellcasting
 + Level 3.0 Conjurations
 + Level 4.5 Fire Magic


You had 9 spell levels left.
You knew the following spells:

 Your Spells              Type           Power        Failure   Level  Hunger
a - Flame Tongue          Conj/Fire      ###..        2%          1    None
b - Throw Flame           Conj/Fire      ###...       4%          2    #......


Dungeon Overview and Level Annotations

Branches:
Dungeon (4/15)
 Temple: D:4-7

Altars:
Ashenzari
Vehumet
Yredelemnul

Annotations:
D:4 asdu's ghost, weakling NaTm


Message History

You hear the brisk hiss of a very distant avalanche of sand.
The phantom blinks!
Found 17 gold pieces.
Found 15 gold pieces.
An orc and an orc priest come into view.
The orc shouts!
The orc priest shouts!
Found a trident.
An orc comes into view.
Found a ring mail and a pair of boots.
Found 18 gold pieces.
Found 6 gold pieces.
The orc priest calls down the wrath of Beogh upon you.
Pain shoots through your body!
* * * LOW HITPOINT WARNING * * *
Found a scroll of immolation.
Found a stone staircase leading down.
Found an inky potion.
The orc priest invokes the aid of Beogh against you.
Pain shoots through your body!
You die...

.......#........# .###
..#..###....)...# .#
..#. #.....W.####..# ...
.... #.......o...[.##...
....
...................!
.... ..................#
.... .....#####.......##
#...## ....$ ###......##
#... # .....
#@.......####...## ..
..........####...#....##
##. #........>.#
........ ####..
#..#####..## #.......
......# #..#####..#
#.......
.......##.........##
#....#. ..###........#
....# ##...###
...###....[..###...#
##.....##
....###.......#....##
##..##...#


You could see a phantom and an orc priest.

Vanquished Creatures
  A hound (D:4)
  A worker ant (D:4)
  2 adders (D:3)
  2 worms
  5 giant geckos
  An orc (D:4)
  6 bats
  4 giant cockroaches
  7 goblins
  7 hobgoblins
  3 jackals (D:2)
  4 giant newts
  5 kobolds
  8 rats
56 creatures vanquished.

Notes
Turn   | Place    | Note
--------------------------------------------------------------
     0 | D:1      | laxity, the Deep Elf Fire Elementalist, began the quest for the Orb.
     0 | D:1      | Reached XP level 1. HP: 10/10 MP: 6/6
   447 | D:1      | Reached XP level 2. HP: 15/15 MP: 6/8
   454 | D:1      | Learned a level 2 spell: Throw Flame
   996 | D:2      | Reached XP level 3. HP: 12/19 MP: 5/10
  1156 | D:2      | Found a shattered altar of Ashenzari.
  1699 | D:3      | Reached skill level 4 in Fire Magic
  1968 | D:3      | Reached skill level 1 in Short Blades
  1968 | D:3      | Reached XP level 4. HP: 24/24 MP: 5/11
  2086 | D:3      | Found a radiant altar of Vehumet.
  2086 | D:3      | Found a basalt altar of Yredelemnul.
  2091 | D:3      | Became a worshipper of Vehumet
  2312 | D:4      | Noticed asdu's ghost (weakling NaTm)
  2505 | D:4      | Noticed a phantom
  2523 | D:4      | Reached XP level 5. HP: 15/28 MP: 1/13
  2597 | D:4      | Killed from afar by an orc priest

Action                   |  1- 3 |  4- 6 || total
-------------------------+-------+-------++-------
Melee: Unarmed           |     4 |       ||     4
       Dagger            |       |     1 ||     1
 Cast: Flame Tongue      |    67 |    27 ||    94
       Throw Flame       |     8 |     4 ||    12
  Use: Scroll            |       |     4 ||     4
  Eat: Chunk             |     3 |     2 ||     5
